 Dungeon Crawl Stone Soup version 0.29.1-1-gd02db6906a (webtiles) character file.

Game seed: 6998234869172369921

42 Kaiern the Shooter (level 3, -3/25 HPs)
             Began as an Octopode Hunter on Oct 6, 2022.
             Slain by a goblin
             ... wielding a +0 club
             ... led by Robin
              (7 damage)
             ... on level 1 of the Dungeon.
             The game lasted 00:02:38 (1889 turns).

Kaiern the Shooter (Octopode Hunter)                Turns: 1889, Time: 00:02:40

Health: -3/25      AC:  1    Str: 10    XL:     3   Next: 56%
Magic:  3/3        EV: 14    Int: 11    God:
Gold:   63         SH:  0    Dex: 17    Spells: 2/2 levels left

rFire   . . .      SeeInvis .   a - +0 shortbow
rCold   . . .      Faith    .   (shield currently unavailable)
rNeg    . . .      Spirit   .   (helmet restricted)
rPois   .          Reflect  .   (no amulet)
rElec   .          Harm     .   (no ring)
rCorr   .          Rampage  .   (no ring)
Will    .....                   (no ring)
Stlth   +++.......              (no ring)
HPRegen 0.08/turn               (no ring)
MPRegen 0.08/turn               (no ring)
                                (no ring)
                                (no ring)

@: no status effects
A: almost no armour, amphibious, 8 rings, camouflage 1, gelatinous body 1,
(nimble swimmer 1), tentacles
a: no special abilities


You were on level 1 of the Dungeon.
You visited 1 branch of the dungeon, and saw 2 of its levels.

You collected 63 gold pieces.

Inventory:

Hand Weapons
 a - a +0 shortbow (weapon)
 f - a +2 dagger of freezing
Wands
 i - a wand of charming (6)
Scrolls
 b - a scroll of immolation
 c - 2 scrolls of teleportation {unknown}
 e - a scroll of acquirement {unknown}
 h - a scroll of amnesia {unknown}
Potions
 d - a potion of attraction {unknown}
 g - a potion of cancellation {unknown}


   Skills:
 + Level 2.5 Fighting
 + Level 4.3 Ranged Weapons
 + Level 2.5 Dodging
 + Level 2.6 Stealth


You had 2 spell levels left.
You didn't know any spells.
Your spell library was empty.

Dungeon Overview and Level Annotations

Branches:
Dungeon (2/15)

Altars:

Annotations:
D:2 Robin


Innate Abilities, Weirdness & Mutations

You cannot wear most types of armour.
You are amphibious.
You can wear up to eight rings at the same time.
Your skin changes colour to match your surroundings (Stealth+).
Your rubbery body absorbs attacks. (AC +1, EV +1)
((You are camouflaged when in or above water. (Stealth+)))
You have tentacles for arms and can constrict up to eight enemies at once.


Message History

The arrow hits Robin.
Robin is lightly wounded.
You shoot an arrow. The arrow hits Robin.
Robin is moderately wounded.
A goblin comes into view. It is wielding a +0 club.
Robin roars a battlecry!
The goblin goes into a battle-frenzy!
The goblin shouts!
You hear a shout! x4
You shoot an arrow. The arrow hits Robin.
Robin is heavily wounded.
Robin throws the goblin at you! The goblin attacks as you move away!
The goblin barely misses you. The goblin hits you with a +0 club!
A goblin comes into view. It is wielding a +0 club.
You are too injured to fight recklessly!
The goblin closely misses you. The goblin attacks as you move away!
The goblin misses you. The goblin attacks as you move away!
The goblin hits you with a +0 club.
* * * LOW HITPOINT WARNING * * *
You see here a +0 whip of venom.
Robin roars a battlecry!
You hear a shout! x4
You see here a ball python skeleton.
There is a stone staircase leading up here.
The goblin hits you with a +0 club.
* * * LOW HITPOINT WARNING * * *
You climb upwards.
There is a stone staircase leading down here.
You are too injured to fight recklessly!
Fire: a) +0 shortbow
Press: ? - help, Q - select action, (/) - cycle Shift-Dir - straight line, f - goblin
Aim: a goblin, wielding a +0 club (strong, 56% to hit)
You shoot an arrow. The arrow barely misses the goblin.
The goblin barely misses you.
Fire: a) +0 shortbow
Press: ? - help, Q - select action, (/) - cycle Shift-Dir - straight line, f/p - goblin
Aim: a goblin, wielding a +0 club (strong, 56% to hit)
You shoot an arrow. The arrow completely misses the goblin.
The goblin completely misses you. The goblin hits you with a +0 club!
You die...

#...........'...#..........##.#.
#...........###.#..........'....
#...........# #.#..........##.#.
#...........# #.#####.#######.#.
#...........# #.##....# #.#.
####'##.#'#### #.##.##+## #.#.
.....##.#.# #.##.#...# #...
#######+#'######....#...# #...
#..........@####...# #...
#.........g.# #...# #...
#...........# #...# #...
#...........# #...######...
#...........#####.......+...
#................########...
#.....................###...
#..(.......##.............##
#..........##.............#


You could see a goblin (strong).

Vanquished Creatures
  A gnoll (D:1)
  An adder (D:2)
  A worm (D:1)
  2 ball pythons (D:2)
  An endoplasm (D:1)
  2 goblins (D:1)
  A hobgoblin (D:1)
  6 kobolds
  2 quokkas
  3 bats
  A frilled lizard (D:1)
  A rat (D:1)
22 creatures vanquished.

Notes
Turn   | Place    | Note
-------+----------+-------------------------------------------
     0 | D:1      | Kaiern the Octopode Hunter began the quest for the Orb.
     0 | D:1      | Reached XP level 1. HP: 14/14 MP: 1/1
   152 | D:1      | Reached XP level 2. HP: 19/19 MP: 2/2
  1133 | D:1      | Reached XP level 3. HP: 10/25 MP: 3/3
  1868 | D:2      | Noticed Robin
  1889 | D:1      | Slain by a goblin

Illustrated notes

Levels and vault maps discovered:
D:1:      wander_arrival_peaceful_grave, layout_basic
D:2:      layout_rooms, ebering_ecumenical_altar_hall,
          nicolae_kite_square_tiling_tiny, minmay_misc_feat_hallway,
          minmay_quantized, uniq_robin

Skill      XL: |  1  2 |
---------------+-------+-----
Stealth        | 2 |  2.6
Fighting       | |  2.5
Ranged Weapons | |  4.3
Dodging        | |  2.5

Action                   || total
-------------------------++-------
 Fire: Shortbow          ||    77
Armor: Skin              ||     1
Dodge: Dodged            ||    49
